3L
LONE STAR BC @ OAKLAND OAKS
09/22/2018
 
TOP OF THE 1ST
Lone Star BC batting - Pitching for Oakland Oaks : LHP Mark Tucker
Pitching: LHP Mark Tucker
Batting: LHB Ray Merrill 0-0: Called Strike
0-1: Foul Ball, location: 2F
0-2: Foul Ball, location: 2F
0-2: Ball
1-2: Ball
2-2: Foul Ball, location: 2F
2-2: Foul Ball, location: 2F
2-2: Ball
3-2: Foul Ball, location: 2F
3-2: Strikes out swinging
Batting: RHB Elvis Larson 0-0: Called Strike
0-1: Fly out, F8 (Flyball, 89D)
Now in CF: Jason Adair
Batting: RHB Toshitsugu Sakamoto 0-0: Called Strike
0-1: Ball
1-1: Foul Ball, location: 2F
1-2: Ball
2-2: Foul Ball, location: 2F
2-2: Foul Ball, location: 2F
2-2: Strikes out swinging
Top of the 1st over - 0 run(s), 0 hit(s), 0 error(s), 0 left on base; Lone Star 0 - Oakland 0
BOTTOM OF THE 1ST
Oakland Oaks batting - Pitching for Lone Star BC : RHP Marlon Miller
Pitching: RHP Marlon Miller
Batting: RHB Francisco González 0-0: Called Strike
0-1: Ball
1-1: Ball
2-1: Ball
3-1: Base on Balls
Batting: SHB Eugene Parrish 0-0: Fly out, F8 (Line Drive, 8LM)
Batting: RHB Aurelio Vázquez 0-0: Ball
1-0: Ball
2-0: Ball
3-0: Base on Balls
Francisco González to second
Batting: LHB Jason Adair 0-0: Ball
1-0: Ball
2-0: Ball
3-0: Base on Balls
Francisco González to third
Aurelio Vázquez to second
Batting: SHB Arturo Hernández 0-0: Ball
1-0: Ball
2-0: Ball
3-0: Base on Balls
Francisco González scores
Aurelio Vázquez to third
Jason Adair to second
Batting: RHB Wilber Moon 0-0: Ball
1-0: Ball
2-0: Ball
3-0: Base on Balls
Aurelio Vázquez scores
Jason Adair to third
Arturo Hernández to second
Batting: LHB Juan Jaramillo 0-0: Called Strike
0-1: Ball
1-1: Called Strike
1-2: Foul Ball, location: 2F
1-2: Ball
2-2: Fly out, F7 (Flyball, 7LS)
Batting: LHB Félix Pérez 0-0: Ball
1-0: Foul Ball, location: 2F
1-1: Ground out 4-3 (Groundball, 4)
Bottom of the 1st over - 2 run(s), 0 hit(s), 0 error(s), 3 left on base; Lone Star 0 - Oakland 2
TOP OF THE 2ND
Lone Star BC batting - Pitching for Oakland Oaks : LHP Mark Tucker
Batting: RHB José Rodríguez 0-0: Ball
1-0: Ball
2-0: Called Strike
2-1: Ground out 5-3 (Groundball, 56)
Batting: SHB Matt Morris 0-0: Swinging Strike
0-1: Ball
1-1: Foul Ball, location: 2F
1-2: Foul Ball, location: 2F
1-2: Foul Ball, location: 2F
1-2: Ball
2-2: Foul Ball, location: 2F
2-2: Strikes out looking
Batting: RHB Henry Potts 0-0: Called Strike
0-1: Fly out, F9 (Popup, 89S)
Top of the 2nd over - 0 run(s), 0 hit(s), 0 error(s), 0 left on base; Lone Star 0 - Oakland 2
BOTTOM OF THE 2ND
Oakland Oaks batting - Pitching for Lone Star BC : RHP Marlon Miller
Batting: LHB Mark Tucker 0-0: Ball
1-0: Ball
2-0: Ball
3-0: Base on Balls
Batting: RHB Francisco González 0-0: Called Strike
0-1: Ball
1-1: Ground out 6-3 (Groundball, 6MS)
Mark Tucker to second
Batting: SHB Eugene Parrish 0-0: Foul Ball, location: 2F
0-1: Ball
1-1: Ball
2-1: Called Strike
2-2: Strikes out swinging
Batting: RHB Aurelio Vázquez 0-0: Called Strike
0-1: Ball
1-1: Foul Ball, location: 2F
1-2: Ball
2-2: Fly out, F9 (Flyball, 9M)
Bottom of the 2nd over - 0 run(s), 0 hit(s), 0 error(s), 1 left on base; Lone Star 0 - Oakland 2
TOP OF THE 3RD
Lone Star BC batting - Pitching for Oakland Oaks : LHP Mark Tucker
Batting: RHB Robert Hill 0-0: Called Strike
0-1: Ground out 4-3 (Groundball, 4)
Batting: RHB Thomas Dunlap 0-0: Ball
1-0: Ball
2-0: Called Strike
2-1: Fly out, F9 (Line Drive, 9D)
Batting: RHB Marlon Miller 0-0: Foul Ball, location: 2F
0-1: Ground out 3-1 (Groundball, 34S)
Top of the 3rd over - 0 run(s), 0 hit(s), 0 error(s), 0 left on base; Lone Star 0 - Oakland 2
BOTTOM OF THE 3RD
Oakland Oaks batting - Pitching for Lone Star BC : RHP Marlon Miller
Batting: LHB Jason Adair 0-0: Called Strike
0-1: Ball
1-1: Ball
2-1: Foul Ball, location: 2F
2-2: SINGLE (Groundball, 4MD)
Batting: SHB Arturo Hernández 0-0: Ball
Wild Pitch!
Jason Adair to second
1-0: Called Strike
1-1: Ball
2-1: Ground out U3 (Groundball, 3S)
Jason Adair to third
Batting: RHB Wilber Moon 0-0: Called Strike
0-1: DOUBLE (Line Drive, 78XD)
Jason Adair scores
Batting: LHB Juan Jaramillo 0-0: Ball
1-0: Ball
2-0: Ball
3-0: Called Strike
3-1: SINGLE (Groundball, 15S) (infield hit)
Wilber Moon to third
Batting: LHB Félix Pérez 0-0: Foul Ball, location: 2F
0-1: Called Strike
0-2: Strikes out swinging
Batting: LHB Mark Tucker 0-0: Foul Ball, location: 2F
0-1: Fly out, F8 (Line Drive, 8LM)
Bottom of the 3rd over - 1 run(s), 3 hit(s), 0 error(s), 2 left on base; Lone Star 0 - Oakland 3
TOP OF THE 4TH
Lone Star BC batting - Pitching for Oakland Oaks : LHP Mark Tucker
Batting: LHB Ray Merrill 0-0: Ball
1-0: Ball
2-0: Ball
3-0: Called Strike
3-1: Base on Balls
Batting: RHB Elvis Larson 0-0: Ball
1-0: Ball
2-0: Fly out, F3 (Line Drive, 3L)
Batting: RHB Toshitsugu Sakamoto 0-0: Ball
1-0: Ground out 4-3 (Groundball, 4M)
Ray Merrill to second
Batting: RHB José Rodríguez 0-0: Called Strike
0-1: Swinging Strike
0-2: Ball
1-2: Foul Ball, location: 2F
1-2: Ball
2-2: Foul Ball, location: 2F
2-2: Ground out 5-3 (Groundball, 5)
Top of the 4th over - 0 run(s), 0 hit(s), 0 error(s), 1 left on base; Lone Star 0 - Oakland 3
BOTTOM OF THE 4TH
Oakland Oaks batting - Pitching for Lone Star BC : RHP Marlon Miller
Batting: RHB Francisco González 0-0: Ball
1-0: Ball
2-0: Swinging Strike
2-1: Ball
3-1: Base on Balls
Batting: SHB Eugene Parrish 0-0: Ball
1-0: Fly out, F1 (Line Drive, 15)
1-0: Lined into DP, 1-3 (Line Drive, 15)
Batting: RHB Aurelio Vázquez 0-0: Ball
1-0: Ball
2-0: Ball
3-0: Base on Balls
Batting: LHB Jason Adair 0-0: Ball
1-0: Ball
2-0: Called Strike
2-1: Ball
3-1: Base on Balls
Aurelio Vázquez to second
Batting: SHB Arturo Hernández 0-0: Ball
1-0: Fly out, F7 (Flyball, 7LD)
Bottom of the 4th over - 0 run(s), 0 hit(s), 0 error(s), 2 left on base; Lone Star 0 - Oakland 3
TOP OF THE 5TH
Lone Star BC batting - Pitching for Oakland Oaks : LHP Mark Tucker
Batting: SHB Matt Morris 0-0: Fly out, F5 (Line Drive, 5)
Batting: RHB Henry Potts 0-0: Foul Ball, location: 2F
0-1: Ground out 6-3 (Groundball, 6M)
Batting: RHB Robert Hill 0-0: Ball
1-0: Foul Ball, location: 2F
1-1: Ball
2-1: Called Strike
2-2: Ball
3-2: Foul Ball, location: 2F
3-2: Foul Ball, location: 2F
3-2: Foul Ball, location: 2F
3-2: Foul Ball, location: 2F
3-2: TRIPLE (Line Drive, 89XD)
Batting: RHB Thomas Dunlap 0-0: Ball
1-0: Ball
2-0: Ball
3-0: Called Strike
3-1: Base on Balls
Batting: RHB Marlon Miller 0-0: Called Strike
0-1: Foul Ball, location: 2F
0-2: Foul Ball, location: 2F
0-2: Foul Ball, location: 2F
0-2: Strikes out looking
Top of the 5th over - 0 run(s), 1 hit(s), 0 error(s), 2 left on base; Lone Star 0 - Oakland 3
BOTTOM OF THE 5TH
Oakland Oaks batting - Pitching for Lone Star BC : RHP Marlon Miller
Batting: RHB Wilber Moon 0-0: Foul Ball, location: 2F
0-1: Foul Ball, location: 2F
0-2: Foul Ball, location: 2F
0-2: Strikes out swinging
Batting: LHB Juan Jaramillo 0-0: Ball
1-0: Ball
2-0: Ball
3-0: Base on Balls
Batting: LHB Félix Pérez 0-0: Ball
1-0: Foul Ball, location: 2F
1-1: Ball
2-1: Foul Ball, location: 2F
2-2: Fly out, F8 (Flyball, 8RD)
Batting: LHB Mark Tucker 0-0: Swinging Strike
0-1: Ball
1-1: Ball
2-1: Foul Ball, location: 2F
2-2: Strikes out looking
Bottom of the 5th over - 0 run(s), 0 hit(s), 0 error(s), 1 left on base; Lone Star 0 - Oakland 3
TOP OF THE 6TH
Lone Star BC batting - Pitching for Oakland Oaks : LHP Mark Tucker
Batting: LHB Ray Merrill 0-0: Ball
1-0: Called Strike
1-1: SINGLE (Groundball, 6M)
Batting: RHB Elvis Larson 0-0: SINGLE (Line Drive, 89S)
Ray Merrill to second
Runner from 2nd tries for 3rd, SAFE, throw made to third
Batting: RHB Toshitsugu Sakamoto 0-0: Called Strike
0-1: Fielders Choice at 2nd, 6-4 (Groundball, 56)
Ray Merrill scores
Batting: RHB José Rodríguez 0-0: Ball
1-0: Ball
2-0: Swinging Strike
2-1: Ball
3-1: Base on Balls
Toshitsugu Sakamoto to second
Batting: SHB Matt Morris 0-0: Grounds into double play, 4-6-3 (Groundball, 34)
Top of the 6th over - 1 run(s), 2 hit(s), 0 error(s), 1 left on base; Lone Star 1 - Oakland 3
BOTTOM OF THE 6TH
Oakland Oaks batting - Pitching for Lone Star BC : RHP Marlon Miller
Batting: RHB Francisco González 0-0: Ball
1-0: Swinging Strike
1-1: Foul Ball, location: 2F
1-2: Ball
2-2: Reached on error, E5 (Groundball, 5L)
Batting: SHB Eugene Parrish 0-0: Ball
1-0: Ball
2-0: Called Strike
2-1: Ball
3-1: Called Strike
3-2: Foul Ball, location: 2F
3-2: Foul Ball, location: 2F
3-2: Foul Ball, location: 2F
3-2: Base on Balls
Batting: RHB Aurelio Vázquez 0-0: Ground out 4-3 (Groundball, 13)
Francisco González to third
Eugene Parrish to second
Batting: LHB Jason Adair 0-0: Ball
1-0: SINGLE (Flyball, 89S)
Francisco González scores
Eugene Parrish to third
Batting: SHB Arturo Hernández 0-0: Called Strike
0-1: Fly out, F9 (Flyball, 89M)
Runner from 3rd tags up, SCORES, throw made
Pitching: RHP José Galindo
Batting: RHB Wilber Moon 0-0: Ball
Jason Adair steals 2nd base
1-0: Called Strike
1-1: Ball
2-1: Ball
3-1: Foul Ball, location: 2F
3-2: Fly out, F7 (Flyball, 7D)
Bottom of the 6th over - 2 run(s), 1 hit(s), 1 error(s), 1 left on base; Lone Star 1 - Oakland 5
TOP OF THE 7TH
Lone Star BC batting - Pitching for Oakland Oaks : LHP Mark Tucker
Batting: RHB Henry Potts 0-0: Swinging Strike
0-1: Ball
1-1: Foul Ball, location: 2F
1-2: Strikes out swinging
Batting: RHB Robert Hill 0-0: Ball
1-0: Ball
2-0: Foul Ball, location: 2F
2-1: SINGLE (Line Drive, 7S)
Batting: RHB Thomas Dunlap 0-0: Ball
1-0: Ball
2-0: Grounds into double play, 5-4-3 (Groundball, 5)
Top of the 7th over - 0 run(s), 1 hit(s), 0 error(s), 0 left on base; Lone Star 1 - Oakland 5
BOTTOM OF THE 7TH
Oakland Oaks batting - Pitching for Lone Star BC : RHP José Galindo
Batting: LHB Juan Jaramillo 0-0: Ball
1-0: Ball
2-0: Ground out 4-3 (Groundball, 34)
Batting: LHB Félix Pérez 0-0: Ball
1-0: Ball
2-0: Ball
3-0: Called Strike
3-1: SOLO HOME RUN (Flyball, 89XD), Distance : 402 ft
Batting: LHB Mark Tucker 0-0: Called Strike
0-1: Fly out, F2 (Popup, 2LF)
Batting: RHB Francisco González 0-0: SINGLE (Groundball, 34D)
Batting: SHB Eugene Parrish 0-0: Called Strike
0-1: Called Strike
0-2: Ball
1-2: Foul Ball, location: 2F
1-2: Foul Ball, location: 2F
1-2: Foul Ball, location: 2F
1-2: Foul Ball, location: 2F
1-2: Foul Ball, location: 2F
1-2: Strikes out looking
Bottom of the 7th over - 1 run(s), 2 hit(s), 0 error(s), 1 left on base; Lone Star 1 - Oakland 6
TOP OF THE 8TH
Lone Star BC batting - Pitching for Oakland Oaks : LHP Mark Tucker
Now in LF: Eric Murti
Pinch Hitting: LHB Tom Smith 0-0: Ball
1-0: Ball
2-0: SINGLE (Line Drive, 4MD)
Batting: LHB Ray Merrill 0-0: Ball
1-0: Ball
2-0: Grounds into double play, 4-6-3 (Groundball, 4)
Batting: RHB Elvis Larson 0-0: Ball
1-0: Ball
2-0: Ball
3-0: Called Strike
3-1: Foul Ball, location: 2F
3-2: Ground out 6-3 (Groundball, 6)
Top of the 8th over - 0 run(s), 1 hit(s), 0 error(s), 0 left on base; Lone Star 1 - Oakland 6
BOTTOM OF THE 8TH
Oakland Oaks batting - Pitching for Lone Star BC : RHP José Galindo
Pitching: RHP José Mota
Batting: RHB Aurelio Vázquez 0-0: Foul Ball, location: 2F
0-1: Ball
1-1: Called Strike
1-2: Foul Ball, location: 2F
1-2: Ground out 6-3 (Groundball, 6M)
Batting: LHB Jason Adair 0-0: Ball
1-0: Ball
2-0: Called Strike
2-1: Ball
3-1: Fly out, F8 (Line Drive, 8RM)
Batting: RHB Eric Murti 0-0: Ball
1-0: Foul Ball, location: 2F
1-1: Ball
2-1: Foul Ball, location: 2F
2-2: Ball
3-2: Base on Balls
Batting: RHB Wilber Moon 0-0: Fly out, F8 (Flyball, 8RM)
Bottom of the 8th over - 0 run(s), 0 hit(s), 0 error(s), 1 left on base; Lone Star 1 - Oakland 6
TOP OF THE 9TH
Lone Star BC batting - Pitching for Oakland Oaks : LHP Mark Tucker
Batting: RHB Toshitsugu Sakamoto 0-0: Swinging Strike
0-1: Ball
1-1: Ball
2-1: Foul Ball, location: 2F
2-2: Ball
3-2: Base on Balls
Batting: RHB José Rodríguez 0-0: Ball
1-0: Called Strike
1-1: SINGLE (Line Drive, 7LS)
Toshitsugu Sakamoto to second
Batting: SHB Matt Morris 0-0: Ball
1-0: Ball
2-0: Called Strike
2-1: Swinging Strike
2-2: Ball
3-2: Base on Balls
Toshitsugu Sakamoto to third
José Rodríguez to second
Pitching: RHP Sean Brown
Batting: RHB Henry Potts 0-0: Foul Ball, location: 2F
0-1: Ball
1-1: Ball
2-1: Ball
3-1: Called Strike
3-2: Foul Ball, location: 2F
3-2: Foul Ball, location: 2F
3-2: Fly out, F2 (Popup, 3SF)
Batting: RHB Robert Hill 0-0: Swinging Strike
0-1: Ball
1-1: Fly out, F5 (Popup, 2L)
Batting: RHB Thomas Dunlap 0-0: Called Strike
0-1: Ball
1-1: Swinging Strike
1-2: Ball
2-2: Foul Ball, location: 2F
2-2: Foul Ball, location: 2F
2-2: Strikes out swinging
Top of the 9th over - 0 run(s), 1 hit(s), 0 error(s), 3 left on base; Lone Star 1 - Oakland 6
This league is powered by Out of the Park Baseball, the baseball management simulation game for PC, Mac and Linux
Monday, May 4th, 2015 - OOTP Baseball 15.6 Build 34